 Dungeon Crawl Stone Soup version 0.30-a0-793-g160f7cfddd (webtiles) character file.

Game seed: 4940595731133678815

920 xian the Shield-Bearer (level 8, -3/48 HPs)
             Began as a Gargoyle Fighter on Feb 20, 2023.
             Slain by Edmund
             ... wielding a +3 flail of holy wrath
              (5 damage)
             ... on level 5 of the Dungeon.
             The game lasted 00:12:26 (5066 turns).

xian the Shield-Bearer (Gargoyle Fighter)           Turns: 5066, Time: 00:12:27

Health: -3/48      AC: 16    Str: 21    XL:     8   Next: 10%
Magic:  8/8        EV:  4    Int: 10    God:
Gold:   173        SH: 13    Dex:  9    Spells: 7/7 levels left

rFire   + . .      SeeInvis .    a - +0 flail
rCold   . . .      Faith    .    n - +0 tower shield
rNeg    + . .      Spirit   .    m - +1 chain mail "Jyossy" {rPois rF+}
rPois   ∞          Reflect  .    (no helmet)
rElec   +          Harm     .    (no cloak)
rCorr   .          Rampage  .    (no gloves)
Will    .....                    (no boots) Stlth
                                 (no amulet)
HPRegen 0.28/turn                (no ring)
MPRegen 0.11/turn                (no ring)

@: mighty
A: sickness immunity, AC +5, negative energy resistance 1, electricity
resistance, torment resistance 1, petrification resistance
a: no special abilities


You were on level 5 of the Dungeon.
You visited 1 branch of the dungeon, and saw 5 of its levels.
You also visited: Sewer.

You collected 173 gold pieces.

Inventory:

Hand Weapons
 a - a +0 flail (weapon)
Missiles
 f - 4 boomerangs
 g - 37 stones
 v - 12 poisoned darts (quivered)
 y - a curare-tipped dart
 F - 3 datura-tipped darts
Armour
 m - the +1 chain mail "Jyossy" (worn) {rPois rF+}
   (You found it on level 2 of the Dungeon)

   rF:        It protects you from fire.
   rPois:     It protects you from poison.
 n - a +0 tower shield (worn)
Magical Staves
 t - a staff of air
Wands
 D - a wand of flame (12)
 E - a wand of light (6)
Scrolls
 b - 2 scrolls of identify {unknown}
 c - a scroll of silence {unknown}
 e - 2 scrolls of noise {unknown}
 h - 2 scrolls of poison {unknown}
 i - a scroll of summoning {unknown}
 k - a scroll of brand weapon {unknown}
 l - a scroll of torment {unknown}
 o - a scroll of immolation {unknown}
 r - a scroll of magic mapping {unknown}
 w - a scroll of amnesia {unknown}
 x - a scroll of enchant weapon {unknown}
 C - 2 scrolls of enchant armour {unknown}
Potions
 d - a potion of might
 j - 2 potions of curing {unknown}
 p - a potion of lignification {unknown}
 q - 2 potions of brilliance {unknown}
 s - a potion of berserk rage {unknown}
 u - a potion of degeneration {unknown}
 z - 2 potions of cancellation {unknown}
 A - 2 potions of haste {unknown}
 B - a potion of invisibility {unknown}
 G - a potion of mutation {unknown}


   Skills:
 + Level 4.9 Fighting
 + Level 5.2 Maces & Flails
 + Level 0.4 Throwing
 + Level 5.3 Armour
 + Level 1.2 Dodging
 + Level 0.5 Stealth
 + Level 6.3 Shields


You had 7 spell levels left.
You didn't know any spells.
Your spell library contained the following spells:

 Spells                   Type           Power      Damage    Failure   Level
 Kiss of Death            Conj/Necr      0%         2d5       100%        1
 Confusing Touch          Hex            0%         N/A       100%        3
 Dispel Undead            Necr           0%         3d6       100%        4


Dungeon Overview and Level Annotations

Branches:
Dungeon (5/15)              Sewer (visited)
 Temple: D:4-7

Altars:
Hepliaklqana
The Shining One

Annotations:
D:5 Edmund


Innate Abilities, Weirdness & Mutations

You are immune to sickness and miasma.
Your stone body is resilient. (AC +5)
You are immune to poison.
You resist negative energy. (rN+)
You are resistant to electric shocks. (rElec)
You are resistant to unholy torment.
You are immune to petrification.


Message History

Edmund hits you with a +3 flail of holy wrath.
* * * LOW HITPOINT WARNING * * *
You sock Edmund!
Edmund is heavily wounded.
Edmund hits you but does no damage.
Edmund hits you with a +3 flail of holy wrath.
* * * LOW HITPOINT WARNING * * *
You hit Edmund.
Edmund is severely wounded.
You block Edmund's attack.
You hit Edmund.
Edmund is severely wounded.
Edmund hits you with a +3 flail of holy wrath.
* * * LOW HITPOINT WARNING * * *
You closely miss Edmund.
Edmund is severely wounded.
You block Edmund's attack. x2
You barely miss Edmund.
Edmund is severely wounded.
Edmund hits you but does no damage.
You barely miss Edmund.
Edmund is severely wounded.
Edmund says, "What use are spells, anyway?"
Edmund hits you with a +3 flail of holy wrath.
* * * LOW HITPOINT WARNING * * *
Edmund hits you but does no damage.
You closely miss Edmund.
Edmund is severely wounded.
Edmund barely misses you.
You barely miss Edmund.
Edmund is severely wounded.
Edmund hits you but does no damage. x2
You barely miss Edmund.
Edmund is severely wounded.
Edmund hits you with a +3 flail of holy wrath.
* * * LOW HITPOINT WARNING * * *
You sock Edmund!
Edmund is almost dead.
Edmund hits you with a +3 flail of holy wrath.
You die...

....................
........................
........................
........................
.......................$
........................
........................
#.......................
###.............@@.....(
#..#############......
##..# ..... #...## #...
##...# .. #...# . #...##
##...# ##..##


You could see Edmund.

Vanquished Creatures
  A water moccasin (D:5)
  An orc warrior (D:5)
  2 kobold brigands (Sewer)
  An orc priest (D:5)
  A hound (D:5)
  Ijyb (D:5)
  2 iguanas
  4 orc wizards
  13 adders
  A gnoll (D:1)
  5 river rats (Sewer)
  2 worms (D:4)
  13 dart slugs
  9 orcs
  9 bats
  11 endoplasms
  3 giant cockroaches
  5 hobgoblins
  11 jackals
  3 quokkas
  12 ball pythons
  5 frilled lizards
  9 goblins
  19 kobolds
  25 rats
168 creatures vanquished.

Notes
Turn   | Place    | Note
-------+----------+-------------------------------------------
     0 | D:1      | xian the Gargoyle Fighter began the quest for the Orb.
     0 | D:1      | Reached XP level 1. HP: 14/14 MP: 1/1
    75 | D:1      | Reached XP level 2. HP: 17/19 MP: 2/2
   194 | D:1      | Reached XP level 3. HP: 22/24 MP: 3/3
   784 | D:2      | Reached XP level 4. HP: 29/29 MP: 4/4
   876 | D:2      | Identified the +1 chain mail "Jyossy" {rPois rF+}
  1217 | D:2      | Reached skill level 4 in Shields
  1321 | D:2      | Reached XP level 5. HP: 33/33 MP: 5/5
  2261 | D:3      | Found a faded altar of an unknown god.
  2384 | D:4      | Found a glowing drain.
  2457 | D:4      | Reached XP level 6. HP: 22/38 MP: 6/6
  2609 | Sewer    | Entered a sewer
  2766 | Sewer    | Reached skill level 1 in Dodging
  2766 | Sewer    | Reached skill level 5 in Shields
  3142 | Sewer    | Reached XP level 7. HP: 27/44 MP: 7/7
  3409 | D:4      | Found a hazy altar of Hepliaklqana.
  4223 | D:5      | Entered Level 5 of the Dungeon
  4490 | D:5      | Reached skill level 5 in Armour
  4808 | D:5      | Noticed Ijyb
  4828 | D:5      | Killed Ijyb
  4838 | D:5      | Found a glowing golden altar of the Shining One.
  4896 | D:5      | Reached skill level 6 in Shields
  4910 | D:5      | Reached skill level 5 in Maces & Flails
  5002 | D:5      | Reached XP level 8. HP: 40/48 MP: 8/8
  5041 | D:5      | Noticed Edmund
  5062 | D:5      | HP: 1/48 [Edmund/+3 flail of holy wrath (4)]
  5066 | D:5      | Slain by Edmund

Illustrated notes

Levels and vault maps discovered:
D:1:      dpeg_arrival_rhombi, layout_rooms
D:2:      minmay_door_path, layout_loops_ring
D:3:      kennysheep_slugbush, layout_rooms,
          shapermc_ecumenical_altar_mp_vishouse
D:4:      layout_gridville, worldfamousw_hep_ancestral_shrine,
          cheibrodos_sewer_entry_bend, minmay_misc_feat_rugged,
          minmay_a_box_with_orc_wizards_in_it
D:5:      layout_layer_cave, kennysheep_mini_moat, serial_shops, shop,
          kennysheep_dice, uniq_eustachio, uniq_ijyb, uniq_sigmund, uniq_edmund

Skill      XL: |  1  2  3  4  5  6  7 |
---------------+----------------------+-----
Shields        | 4 5 6 |  6.3
Maces & Flails | 3 4 5 |  5.2
Armour         | 4 5 |  5.3
Fighting       | 4 |  4.9
Dodging        | 1 |  1.2
Throwing       | |  0.4
Stealth        | |  0.5

Action                     |  1- 3 |  4- 6 |  7- 9 || total
---------------------------+-------+-------+-------++-------
  Melee: Flail             |   139 |   355 |   239 ||   733
  Throw: Stone             |       |     6 |     6 ||    12
         Boomerang         |       |     4 |       ||     4
         Dart              |       |     2 |     8 ||    10
    Use: Potion            |       |       |     1 ||     1
 Armour: Scale mail        |   122 |       |       ||   122
         Chain mail        |     1 |   294 |   204 ||   499
  Dodge: Dodged            |   124 |    85 |    35 ||   244
  Block: Buckler           |    47 |     3 |       ||    50
         Tower shield      |       |   341 |   156 ||   497

Table legend: (Time is in decaauts)
 A = Elapsed time spent in this place.
 B = Non-inter-level travel time spent in this place.
 C = Inter-level travel time spent in this place.
 D = Time resting spent in this place.
 E = Time spent auto-exploring this place.
 F = Levels seen in this place.
 G = Mean time per level.
                   A        B        C        D        E       F      G
               +--------+--------+--------+--------+--------+-----+--------+
         Total |   5482 |   5391 |     91 |    446 |   2592 |   6 |  913.7 |
       Dungeon |   4653 |   4562 |     91 |    446 |   2254 |   5 |  930.6 |
         Sewer |    828 |    828 |      0 |      0 |    338 |   1 |  828.0 |
               +--------+--------+--------+--------+--------+-----+--------+

Top non-repeatable levels by time:
     D:4: 1341 daAuts
     D:3: 1054 daAuts
     D:2: 966 daAuts
   Sewer: 828 daAuts
     D:1: 762 daAuts
     D:5: 529 daAuts
